 Dungeon Crawl Stone Soup version 0.25.1-2-g60ff931df9 (webtiles) character file.

Game seed: 3945868803743118745

1262 Curus the Carver (level 8, -8/64 HPs)
             Began as a Minotaur Monk on Oct 26, 2020.
             Was a Priest of Okawaru.
             Mangled by a two-headed ogre
             ... wielding a +0 giant club
              (15 damage)
             ... on level 6 of the Dungeon.
             The game lasted 00:24:45 (4319 turns).

Curus the Carver (Minotaur Monk)                    Turns: 4319, Time: 00:24:46

Health: -8/64      AC:  5    Str: 16    XL:     8   Next: 27%
Magic:  7/7        EV: 13    Int:  8    God:    Okawaru [***...]
Gold:   363        SH:  0    Dex: 14    Spells: 7/7 levels left

rFire    . . .     SeeInvis +   a - +2 falchion
rCold    + + +     Gourm    .   (no shield)
rNeg     . . .     Faith    .   e - +2 leather armour
rPois    .         Spirit   .   (helmet restricted)
rElec    .         Reflect  .   (no cloak)
rCorr    .         Harm     .   (no gloves)
MR       .....                  (no boots)
Stlth    ++........             (no amulet)
HPRegen  0.60/turn              i - ring of protection from cold
MPRegen  0.10/turn              j - ring of see invisible

@: no status effects
A: retaliatory headbutt, horns 2, blink, cold resistance 2, regeneration 1
a: Blink, Heroism, Renounce Religion


You were on level 6 of the Dungeon.
You worshipped Okawaru.
Okawaru was most pleased with you.
You were not hungry.

You visited 1 branch of the dungeon, and saw 6 of its levels.

You collected 363 gold pieces.

Inventory:

Hand Weapons
 a - a +2 falchion (weapon)
Armour
 b - a +0 robe
 e - a +2 leather armour (worn)
Jewellery
 d - a -4 ring of intelligence
 i - a ring of protection from cold (left hand)
 j - a ring of see invisible (right hand)
 o - an uncursed ring of protection from cold
Scrolls
 f - 3 scrolls of fear
 g - a scroll of teleportation
 h - 6 scrolls of identify
 k - 2 scrolls of remove curse
 m - a scroll of fog
Potions
 l - 2 potions of invisibility
 n - a potion of resistance
 p - a potion of flight
Comestibles
 c - 10 rations
 q - 2 chunks of flesh


   Skills:
 - Level 3.6 Fighting
 + Level 12.2 Long Blades
 - Level 3.2 Dodging
 - Level 1.5 Stealth


You had 7 spell levels left.
You didn't know any spells.
Your spell library contained the following spells:

 Spells                   Type           Power        Failure   Level  Hunger
 Sting                    Tmut/Pois      #...         47%         1    ##.....
 Poisonous Vapours        Pois/Air       #.....       63%         2    ###....
 Ignite Poison            Fire/Tmut/Pois #.......     85%         3    ####...
 Mephitic Cloud           Conj/Pois/Air  #.......     85%         3    ####...
 Olgreb's Toxic Radiance  Pois           #.......     99%         4    #####..


Dungeon Overview and Level Annotations

Branches:
Dungeon (6/15)             Temple (0/1) D:5

Altars:
Ashenzari
Elyvilon
Gozag
Okawaru
Ru
Sif Muna
Trog
Uskayaw
Vehumet
Xom
Yredelemnul
Zin


Innate Abilities, Weirdness & Mutations

You reflexively headbutt those who attack you in melee.
You have a pair of horns on your head.
You can translocate small distances at will.
Your flesh is very cold resistant. (rC++)
Your natural rate of healing is unusually fast.


Message History

Your headbutt misses the two-headed ogre.
The two-headed ogre is lightly wounded.
You barely miss the two-headed ogre.
The two-headed ogre is lightly wounded.
The two-headed ogre misses you. You furiously retaliate!
You headbutt the two-headed ogre, but do no damage.
The two-headed ogre hits you with a +0 giant spiked club!!
You slash the two-headed ogre!
The two-headed ogre is lightly wounded.
You hit the two-headed ogre but do no damage.
The two-headed ogre is lightly wounded.
The two-headed ogre hits you with a +0 giant club!
The two-headed ogre barely misses you.
You hit the two-headed ogre.
You headbutt the two-headed ogre, but do no damage.
The two-headed ogre is lightly wounded.
The two-headed ogre hits you with a +0 giant club!!
* * * LOW HITPOINT WARNING * * *
The two-headed ogre hits you with a +0 giant spiked club!
You die...

### ...###### ........#
........#
........###########
........#.........#
........#.........#########
........'O@.......'......>.
........#.........########.
...##+###...^.....# #. #
#.......รท.########.
##########.........
###.######## #.........#
#.#.#####.# #.#.# #.#


You could see a two-headed ogre.

Vanquished Creatures
  Eustachio (D:5)
  A phantom (D:4)
  An ice beast (D:6)
  A black bear (D:6)
  An orc warrior (D:2)
  3 ogres
  A scorpion (D:5)
  A bullfrog skeleton (D:5)
  2 hounds (D:4)
  2 iguanas
  A centaur skeleton (D:4)
  2 orc wizards
  7 gnolls
  8 adders
  2 oozes
  2 worms
  A dart slug (D:1)
  4 leopard geckos
  8 orcs
  A giant cockroach (D:3)
  8 goblins
  6 hobgoblins
  9 jackals (D:1)
  A quokka (D:5)
  A ball python (D:5)
  8 bats
  4 frilled lizards
  6 kobolds
  A leopard gecko skeleton (D:2)
  7 rats
101 creatures vanquished.

Notes
Turn   | Place    | Note
-------+----------+-------------------------------------------
     0 | D:1      | Curus the Minotaur Monk began the quest for the Orb.
     0 | D:1      | Reached XP level 1. HP: 19/19 MP: 0/0
    41 | D:1      | Reached skill level 4 in Long Blades
   101 | D:1      | Found a burning altar of Makhleb.
   101 | D:1      | Found a radiant altar of Vehumet.
   101 | D:1      | Found a shattered altar of Ashenzari.
   101 | D:1      | Found a blossoming altar of Fedhas.
   101 | D:1      | Found a hide-covered altar of Uskayaw.
   101 | D:1      | Found a shimmering altar of Xom.
   134 | D:1      | Reached XP level 2. HP: 26/26 MP: 1/1
   508 | D:1      | Reached skill level 5 in Long Blades
   558 | D:1      | Reached XP level 3. HP: 31/31 MP: 2/2
  1188 | D:2      | Found a faded altar of an unknown god.
  1226 | D:2      | Found an iron altar of Okawaru.
  1233 | D:2      | Became a worshipper of Warmaster Okawaru
  1233 | D:2      | Reached * piety under Okawaru
  1233 | D:2      | Reached ** piety under Okawaru
  1749 | D:2      | Gained mutation: Your flesh is cold resistant. (rC+)
                  | [potion of mutation]
  1749 | D:2      | Gained mutation: Your natural rate of healing is unusually
                  | fast. [potion of mutation]
  1749 | D:2      | Gained mutation: You can translocate small distances at
                  | will. [potion of mutation]
  1749 | D:2      | Gained mutation: Your flesh is very cold resistant. (rC++)
                  | [potion of mutation]
  1892 | D:3      | Reached skill level 6 in Long Blades
  1892 | D:3      | Reached XP level 4. HP: 27/39 MP: 3/3
  2139 | D:3      | Noticed an orc warrior
  2176 | D:2      | Killed an orc warrior
  2176 | D:2      | Reached skill level 7 in Long Blades
  2176 | D:2      | Reached XP level 5. HP: 18/45 MP: 2/4
  2469 | D:3      | Reached skill level 8 in Long Blades
  2670 | D:3      | Reached XP level 6. HP: 43/51 MP: 5/5
  2694 | D:3      | Found a glowing silver altar of Zin.
  2695 | D:3      | Noticed an angel
  2896 | D:4      | Found a white marble altar of Elyvilon.
  2981 | D:4      | Reached *** piety under Okawaru
  2981 | D:4      | Reached skill level 9 in Long Blades
  2994 | D:4      | Found a basalt altar of Yredelemnul.
  3073 | D:4      | Reached XP level 7. HP: 57/57 MP: 6/6
  3091 | D:4      | Reached skill level 10 in Long Blades
  3130 | D:4      | Found a bloodstained altar of Trog.
  3231 | D:5      | Entered Level 5 of the Dungeon
  3249 | D:5      | Found a sacrificial altar of Ru.
  3250 | D:5      | Found an opulent altar of Gozag.
  3250 | D:5      | Found a hide-covered altar of Uskayaw.
  3819 | D:5      | Found a staircase to the Ecumenical Temple.
  3870 | D:5      | Found a shimmering blue altar of Sif Muna.
  3870 | D:5      | Noticed Eustachio
  3885 | D:5      | Killed Eustachio
  3885 | D:5      | Reached skill level 11 in Long Blades
  4055 | D:6      | Reached XP level 8. HP: 48/64 MP: 7/7
  4216 | D:6      | Reached skill level 12 in Long Blades
  4304 | D:6      | Noticed a two-headed ogre
  4319 | D:6      | Mangled by a two-headed ogre

Illustrated notes

Levels and vault maps discovered:
D:1:      scummos_arrival_checkerplants, layout_basic, minivault_11,
          doesnt_xom_only_xom
D:2:      layout_basic, nicolae_overflow_crystal_walls,
          chequers_ecumenical_altar_twisty,
          wander_ebering_terrifying_dragon_lair
D:3:      layout_rooms, zin_angel, first_ration, minmay_fractal_squares_5
D:4:      layout_gridville, kennysheep_ying_yang, marbit_many_paths
D:5:      layout_basic, led_sif_pool, grunt_temple_overflow_open,
          minmay_temple_entry_overgrown, nrook_mini_backslash, uniq_eustachio
D:6:      layout_basic, grunt_dithmenos_smoke_and_mirrors, basic_altar

Skill      XL: |  1  2  3  4  5  6  7  8 |
---------------+-------------------------+-----
Long Blades    | 4 5 6 7 8 9 11 12 | 12.2
Fighting       | |  3.6
Dodging        | |  3.2
Stealth        | |  1.5

Action                   |  1- 3 |  4- 6 |  7- 9 || total
-------------------------+-------+-------+-------++-------
Melee: Falchion          |    79 |   124 |   113 ||   316
       Headbutt          |    15 |    29 |    24 ||    68
Invok: Heroism           |       |     1 |       ||     1
  Use: Scroll            |     3 |     8 |     1 ||    12
       Potion            |     4 |     6 |     1 ||    11
 Stab: Sleeping          |     2 |       |     2 ||     4
  Eat: Chunk             |     3 |     4 |     4 ||    11
Armor: Robe              |     4 |       |       ||     4
       Leather armour    |    11 |    16 |    23 ||    50
Dodge: Dodged            |    45 |    70 |    57 ||   172
       Rpst.: Falchion   |    11 |    19 |    11 ||    41
